 Dungeon Crawl Stone Soup version 0.17-a0-2122-g03d97ec (webtiles) character file.

279 Maka the Digger (level 6, 0/32 HPs)
             Began as a Gargoyle Earth Elementalist on Oct 21, 2015.
             Was an Initiate of Vehumet.
             Slain by an ogre
             ... wielding a +0 giant spiked club
              (17 damage)
             ... on level 4 of the Dungeon.
             The game lasted 00:07:28 (3111 turns).

Maka the Digger (Gargoyle Earth Elementalist)       Turns: 3111, Time: 00:07:28

Health: 0/32       AC:  7    Str: 12    XL:     6   Next: 26%
Magic:  8/11       EV: 11    Int: 17    God:    Vehumet [......]
Gold:   205        SH:  0    Dex: 10    Spells: 3 memorised, 6 levels left

rFire  + . .     SeeInvis .     a - 51 stones
rCold  . . .     Clarity  .     p - +0 leather armour {rF+}
rNeg   + . .     SustAt   .     (no shield)
rPois  ∞         Gourm    .     (no helmet)
rElec  +         Spirit   .     (no cloak)
rCorr  .         Warding  .     (no gloves)
rMut   .         Stasis   .     (no boots)
MR     .....                    (no amulet)
Stlth  ++........               (no ring)
                                (no ring)

@: not resistant to hostile enchantments, unstealthy
A: negative energy resistance 1, electricity resistance, unbreathing,
petrification resistance, rot immunity, AC +4
a: Renounce Religion


You were on level 4 of the Dungeon.
You worshipped Vehumet.
Vehumet was noncommittal.
You were hungry.

You visited 1 branch of the dungeon, and saw 4 of its levels.

You collected 205 gold pieces.

Inventory:

Hand Weapons
 b - a +0 spear
Missiles
 a - 51 stones (in hand)
Armour
 p - a +0 leather armour of fire resistance (worn)
Scrolls
 e - a scroll of remove curse {unknown}
 g - 2 scrolls of identify {unknown}
 h - 2 scrolls of teleportation {unknown}
 n - a scroll of immolation {unknown}
Potions
 f - a potion of heal wounds {unknown}
 k - a potion of poison {unknown}
 l - a potion of berserk rage {unknown}
 m - a potion of degeneration {unknown}
 o - a potion of curing {unknown}
Books
 c - a book of Geomancy

   Spells                             Type                      Level
   a - Sandblast                      Earth                        1
   b - Stoneskin                      Transmutation/Earth          2
   c - Passwall                       Transmutation/Earth          3
   d - Stone Arrow                    Conjuration/Earth            3
   e - Petrify                        Transmutation/Earth          4
   f - Lee's Rapid Deconstruction     Earth                        5
Comestibles
 d - 5 bread rations
 j - a meat ration


   Skills:
 + Level 1.2 Armour
 - Level 1.5 Dodging
 - Level 2.1 Stealth
 - Level 3.5 Spellcasting
 - Level 0.7 Transmutations
 - Level 7.0 Earth Magic


You had 6 spell levels left.
You knew the following spells:

 Your Spells              Type           Power        Failure   Level  Hunger
a - Sandblast             Erth           ####..       1%          1    None
b - Stoneskin             Trmt/Erth      ###.....     10%         2    ##.....
c - Stone Arrow           Conj/Erth      ##....       17%         3    ###....


Dungeon Overview and Level Annotations

Branches:
Dungeon (4/15)
 Temple: D:4-7

Altars:
Nemelex Xobeh
Vehumet


Innate Abilities, Weirdness & Mutations

You are resistant to torment.
Your stone body is resilient (AC +4).
You are immune to poison.
You resist negative energy.
You are resistant to electric shocks.
You can survive without breathing.
You are immune to petrification.
You are immune to rotting.


Message History

Vehumet accepts your kill.
Your Armour skill increases to level 1!
You start resting.
HP restored.
Things that are here:
a dagger; a robe
There is a stone staircase leading down here.
You climb downwards.
The ogre hits you with a giant spiked club!
There is a stone staircase leading up here.
Casting: Sandblast
Confirm with . or Enter, or press ? or * to list all spells.
Aiming: Sandblast
Press: ? - help, Shift-Dir - straight line, f - ogre
Aim: an ogre, wielding a giant spiked club The rocky blast hits the ogre.
The ogre is moderately wounded.
The ogre hits you with a giant spiked club!
Ouch! That really hurt!
You die...

#.....
+.....
#.....
#....#
#....#
#....#
#...O+
#...@#
#...)#
+....+
#....#
.......
........
.........
o#+#....#+


You could see an ogre and an orc wizard.

Vanquished Creatures
  An ogre (D:3)
  An orc wizard (D:3)
  2 adders
  7 gnolls (D:3)
  4 worms
  6 orcs
  3 giant cockroaches
  5 hobgoblins
  6 jackals (D:2)
  6 kobolds
  2 quokkas (D:3)
  2 ball pythons
  2 bats (D:3)
  6 giant newts
  9 goblins
  5 rats
67 creatures vanquished.

Notes
Turn   | Place    | Note
--------------------------------------------------------------
     0 | D:1      | Maka the Gargoyle Earth Elementalist began the quest for the Orb.
     0 | D:1      | Reached XP level 1. HP: 10/10 MP: 3/3
   117 | D:1      | Reached skill level 4 in Earth Magic
   310 | D:1      | Reached XP level 2. HP: 6/15 MP: 1/5
   772 | D:2      | Learned a level 2 spell: Stoneskin
   965 | D:2      | Reached XP level 3. HP: 10/19 MP: 3/6
  1018 | D:2      | Reached skill level 5 in Earth Magic
  1215 | D:2      | Learned a level 3 spell: Stone Arrow
  1931 | D:3      | Reached XP level 4. HP: 24/24 MP: 5/7
  1935 | D:3      | Reached skill level 6 in Earth Magic
  2121 | D:3      | Found a sparkling altar of Nemelex Xobeh.
  2257 | D:3      | Reached XP level 5. HP: 15/28 MP: 5/8
  2450 | D:3      | Found a radiant altar of Vehumet.
  2459 | D:3      | Became a worshipper of Vehumet
  2627 | D:3      | Reached skill level 7 in Earth Magic
  2794 | D:3      | Noticed an ogre
  2813 | D:3      | Killed an ogre
  2813 | D:3      | Reached XP level 6. HP: 32/32 MP: 3/11
  3082 | D:3      | Reached skill level 1 in Armour
  3111 | D:4      | Slain by an ogre

Vault maps used:
D:1:      minmay_arrival_arboretum_small, serial_bayou, serial_bayou_lake_a,
          serial_bayou_crossing, serial_bayou_lagoon_b, serial_bayou_pond_b
D:3:      nicolae_overflow_crystal_walls, vehumet_crystals, first_bread,
          serial_forest, infiniplex_forest_end_3,
          infiniplex_forest_lined_corner, infiniplex_forest_lined_ring,
          infiniplex_forest_clump_cross, infiniplex_forest_straight_2,
          infiniplex_forest_clump_diagonal, infiniplex_forest_straight_2,
          minmay_misc_feat_square
D:4:      old_standard_altar, nicolae_ru_path_of_blood

Action                   |  1- 3 |  4- 6 || total
-------------------------+-------+-------++-------
Melee: Club              |    26 |       ||    26
       Dagger            |   103 |    43 ||   146
       Short sword       |       |     6 ||     6
       Spear             |       |     9 ||     9
Throw: Stone             |     1 |     1 ||     2
 Cast: Sandblast         |    38 |    46 ||    84
  Eat: Chunk             |     4 |     4 ||     8
